Map: Gresvan LE

Players

LORDRAMBO - Winner!

  • Race: Protoss Protoss
  • League: Diamond
  • Spawn Location: 11:00

Webtek

  • Race: Terran Terran
  • League: Platinum
  • Spawn Location: 5:00

VOD

Have the link to the VOD?

Description

Time

  • Played on: Feb. 5, 2023, 4:53 p.m.
  • Length: 28:19
Show
View Real Time Build Order
Export as new Build Order

LORDRAMBO Protoss - Winner!

Build Orders:  

Get SALT Encoding   

  12  0:00  Probe  
  13  0:12  Probe  
  14  0:21  Pylon  
  14  0:24  Probe  
  15  0:39  Probe  
  15  0:40  Gateway  
  16  0:51  Probe  
  16  0:52  Assimilator  
  17  1:03  Probe  
  18  1:12  Pylon, Gateway  
  18  1:15  Probe  
  19  1:28  Cybernetics Core  
  19  1:30  Probe  
  20  1:42  Probe  
  21  1:47  Pylon  
  21  1:54  Warp Gate (Chrono Boost)  
  21  2:04  Nexus  
  21  2:13  Stalker (Chrono Boost)  
  23  2:29  Probe  
  24  2:30  Assimilator  
  24  2:36  Stalker  
  26  2:41  Probe  
  27  2:48  Stalker  
  29  2:54  Probe  
  29  2:57  Pylon  
  30  3:06  Probe  
  31  3:18  Probe  
  31  3:19  Gateway  
  32  3:20  Gateway  
  32  3:28  Probe  
  32  3:30  Probe  
  34  3:44  Pylon  
  34  3:45  Sentry x2  
  38  3:52  Probe  
  38  3:53  Probe  
  40  3:58  Pylon  
  40  4:05  Probe x2  
  42  4:17  Probe x2, Stalker x3  
  47  4:20  Sentry  
  52  4:29  Probe  
  53  4:49  Zealot x4  
  53  5:05  Probe x2  
  51  5:09  Stalker  
  51  5:10  Stalker x3  
  59  5:17  Probe x2  
  57  5:33  Probe x2  
  59  5:38  Stalker x3  
  59  5:39  Assimilator  
  59  5:41  Assimilator  
  65  5:45  Gateway, Probe x2  
  65  5:48  Gateway  
  65  5:49  Gateway  
  67  5:55  Gateway  
  67  5:56  Pylon  
  67  6:14  Probe  
  67  6:15  Pylon  
  67  6:16  Pylon, Stalker  
  70  6:32  Stalker  
  72  6:40  Stalker x4  
  78  7:02  Twilight Council  
  78  7:03  Robotics Facility  
  78  7:05  Nexus  
  78  7:08  Pylon  
  78  7:10  Pylon  
  77  7:17  Probe x2  
  79  7:29  Probe  
  81  7:30  Probe  
  81  7:35  Charge (Chrono Boost)  
  81  7:49  Stargate  
  82  7:57  Stargate, Observer (Chrono Boost)  
  82  8:02  Zealot x4  
  90  8:09  Warp Prism (Chrono Boost)  
  92  8:14  Probe x2  
  94  8:26  Probe x2  
  96  8:37  Immortal (Chrono Boost)  
  96  8:38  Probe x2, Dark Shrine  
  100  8:50  Probe  
  93  8:57  Fleet Beacon  
  93  9:00  Zealot x5  
  103  9:05  Blink (Chrono Boost)  
  103  9:08  Probe  
  103  9:09  Probe x2  
  106  9:10  Assimilator  
  106  9:12  Assimilator  
  106  9:13  Immortal  
  110  9:18  Pylon  
  110  9:29  Zealot x2  
  110  9:30  Zealot  
  116  9:38  Mothership (Chrono Boost)  
  116  9:42  Pylon  
  116  9:44  Pylon  
  124  9:52  Pylon  
  124  10:07  Forge  
  124  10:09  Forge, Stalker x3  
  130  10:17  Nexus  
  130  10:23  Carrier (Chrono Boost)  
  130  10:25  Carrier (Chrono Boost)  
  142  10:33  Protoss Ground Weapons Level 1 (Chrono Boost)  
  142  10:35  Immortal, Protoss Ground Armor Level 1 (Chrono Boost)  
  146  10:54  Pylon  
  146  10:56  Pylon  
  146  10:58  Pylon  
  146  10:59  Pylon  
  146  11:02  Pylon  
  146  11:07  Dark Templar  
  148  11:14  Zealot x3  
  148  11:15  Zealot x2, Phoenix (Chrono Boost)  
  160  11:25  Probe x2  
  162  11:26  Probe  
  162  11:31  Probe  
  164  11:37  Probe x2  
  164  11:38  Probe  
  167  11:43  Probe  
  122  11:56  Zealot  
  122  11:57  Zealot x6  
  122  11:58  Zealot  
  100  12:27  Stalker x6  
  100  12:28  Stalker x2  
  112  12:31  Probe x4  
  112  12:32  Protoss Ground Weapons Level 2 (Chrono Boost)  
  112  12:33  Protoss Ground Armor Level 2 (Chrono Boost)  
  112  12:35  Assimilator  
  116  12:40  Assimilator  
  116  12:47  Phoenix x2  
  116  12:50  Sentry x3  
  116  12:51  Sentry x2, Stalker  
  130  12:52  Stalker x2  
  136  12:59  Immortal  
  122  13:24  Zealot x3  
  122  13:25  Zealot x5  
  112  13:45  Dark Templar x6  
  112  13:46  Dark Templar x2  
  128  13:49  Probe x3  
  131  14:02  Probe x3  
  134  14:07  Nexus  
  134  14:09  Pylon  
  134  14:11  Carrier x2  
  134  14:12  Pylon  
  134  14:16  Mothership (Chrono Boost)  
  157  14:28  Probe x2 (Chrono Boost)  
  157  14:29  Probe (Chrono Boost)  
  157  14:45  Dark Templar x3  
  159  14:46  Dark Templar  
  159  14:47  Zealot x4  
  173  15:01  Protoss Ground Weapons Level 3 (Chrono Boost), Protoss Ground Armor Level 3 (Chrono Boost)  
  173  15:24  Gateway  
  173  15:26  Gateway, Zealot x2  
  173  15:27  Zealot x5  
  173  15:28  Gateway  
  187  15:29  Gateway  
  187  15:32  Gateway  
  187  15:40  Pylon  
  187  15:41  Pylon  
  181  15:56  Dark Templar x7  
  195  15:57  Assimilator, Dark Templar  
  195  15:59  Assimilator  
  197  16:45  Zealot x2  
  197  16:46  Zealot x3  
  139  16:47  Zealot x5  
  139  16:48  Zealot x2  
  130  17:09  Zealot  
  130  17:10  Zealot x7  
  130  17:11  Zealot x3  
  130  17:12  Zealot x2  
  156  17:33  Protoss Shields Level 1 (Chrono Boost)  
  156  17:34  Stalker x4  
  156  17:35  Stalker x6  
  156  17:36  Stalker x3  
  182  17:48  Gateway  
  182  17:50  Gateway  
  182  17:53  Gateway  
  150  18:08  Stalker x2  
  150  18:09  Stalker x5  
  150  18:10  Stalker x5  
  144  18:30  Dark Templar  
  144  18:31  Dark Templar x2  
  144  18:32  Dark Templar x4  
  158  18:34  Zealot  
  160  18:57  Zealot x4  
  160  18:58  Zealot  
  160  18:59  Sentry x4  
  178  19:20  Zealot x4  
  178  19:21  Zealot x6  
  178  19:22  Zealot  
  196  19:37  Phoenix x2  
  200  21:00  Anion Pulse-Crystals  
  200  22:04  Flux Vanes  
  200  22:25  Nexus  
  200  22:36  Nexus  
  200  22:45  Nexus  
  200  22:59  Nexus  
  200  23:08  Nexus  
  200  23:18  Nexus  
  200  23:26  Nexus  
  200  23:35  Nexus  
  200  23:44  Nexus  
  200  24:23  Nexus  
  200  24:32  Nexus  
  200  24:41  Unknown  
  192  25:34  Phoenix x2  
  195  25:59  Phoenix (Chrono Boost)  
  188  26:06  Phoenix (Chrono Boost)  
  185  26:20  Phoenix (Chrono Boost)  
  185  26:25  Phoenix (Chrono Boost)  
  189  26:39  Phoenix  
  191  26:49  Phoenix  
  191  27:04  Phoenix  
  191  27:14  Phoenix  
  191  27:29  Phoenix  
Show
View Real Time Build Order
Export as new Build Order

Webtek Terran 

Build Orders:  

Get SALT Encoding   

  12  0:01  SCV  
  13  0:13  SCV  
  14  0:18  Supply Depot  
  14  0:25  SCV  
  15  0:40  SCV  
  15  0:41  Barracks  
  16  0:52  SCV  
  17  1:03  Refinery  
  17  1:04  SCV  
  18  1:16  SCV  
  19  1:28  Marine  
  20  1:38  Command Center  
  20  1:47  Bunker  
  20  1:50  Barracks Reactor  
  20  1:59  SCV  
  21  2:11  SCV  
  22  2:19  Supply Depot  
  22  2:26  SCV  
  22  2:27  Factory  
  23  2:40  Marine x2  
  23  2:44  Orbital Command  
  25  2:50  Refinery  
  25  3:03  SCV, Reaper x2  
  28  3:11  SCV  
  29  3:16  SCV  
  30  3:23  SCV  
  31  3:27  Starport  
  31  3:28  Hellion  
  31  3:30  SCV  
  34  3:41  SCV  
  35  3:42  SCV  
  36  3:50  Hellion  
  36  3:53  SCV  
  36  3:54  SCV  
  40  4:05  SCV  
  40  4:06  Medivac  
  40  4:07  SCV  
  44  4:11  Widow Mine  
  44  4:14  Supply Depot  
  46  4:28  Supply Depot  
  46  4:36  Widow Mine, SCV x2  
  47  4:48  SCV  
  40  5:06  Factory Tech Lab  
  40  5:07  Starport Tech Lab  
  38  5:31  Siege Tank  
  38  5:32  Marine x2, Raven  
  45  5:41  Orbital Command  
  45  5:43  SCV  
  45  5:47  Barracks  
  45  5:48  Barracks  
  46  5:50  Marine  
  46  5:55  SCV  
  48  6:03  Siege Tank  
  51  6:07  SCV  
  51  6:10  SCV  
  53  6:19  SCV  
  53  6:22  SCV  
  55  6:26  Engineering Bay x2  
  55  6:31  SCV  
  56  6:34  SCV  
  56  6:35  Siege Tank  
  56  6:47  Barracks Tech Lab  
  56  6:48  Barracks Tech Lab  
  56  6:53  SCV  
  57  6:55  Barracks, Command Center  
  57  6:58  SCV  
  58  7:04  Starport Reactor  
  58  7:05  SCV  
  59  7:14  Terran Infantry Armor Level 1, Terran Infantry Weapons Level 1  
  57  7:22  Marine x2  
  59  7:23  Marauder  
  59  7:24  Stimpack  
  59  7:28  Combat Shield  
  61  7:30  Marine  
  62  7:38  SCV x2  
  62  7:40  Marine x2, Refinery  
  62  7:44  Refinery  
  66  7:49  Marine x2  
  66  7:50  Marauder  
  70  7:59  Supply Depot  
  70  8:06  Marine  
  70  8:07  SCV x2  
  73  8:15  Medivac x2  
  73  8:19  SCV  
  78  8:23  SCV  
  79  8:27  Armory  
  79  8:31  SCV, Supply Depot  
  79  8:32  Supply Depot  
  80  8:35  SCV  
  80  8:36  Supply Depot  
  80  8:37  SCV, Supply Depot  
  82  8:42  Marine x3  
  82  8:43  SCV  
  82  8:44  Marine  
  82  8:47  SCV  
  86  8:57  Marine  
  86  8:58  SCV x2  
  86  9:00  Marine  
  86  9:01  Marauder  
  94  9:02  Marauder  
  94  9:16  Terran Infantry Weapons Level 2, Terran Infantry Armor Level 2  
  94  9:29  SCV x3  
  97  9:41  SCV x2  
  97  9:42  Marine x2  
  97  9:43  Marauder x3  
  107  9:50  Barracks  
  107  9:55  Orbital Command  
  107  10:00  Marine x2  
  107  10:04  Marauder x3  
  115  10:11  Refinery  
  115  10:12  Refinery  
  114  10:21  Sensor Tower  
  114  10:23  Ghost Academy, Terran Vehicle Weapons Level 1  
  114  10:24  Sensor Tower  
  114  10:28  Liberator x2  
  117  10:30  SCV x2  
  122  10:36  SCV  
  122  10:39  Barracks Reactor  
  122  10:42  SCV  
  124  10:48  Supply Depot  
  124  10:50  Marine  
  125  11:09  Marine x2, SCV x2  
  125  11:10  Marauder x2  
  133  11:45  Marine x2  
  133  11:46  Medivac  
  133  11:48  Medivac, SCV  
  133  11:49  Marauder  
  120  11:55  Marine x4  
  120  12:00  SCV  
  104  12:02  Marine  
  104  12:03  Marauder  
  104  12:07  Missile Turret  
  104  12:08  Missile Turret  
  96  12:10  Marine  
  96  12:13  Marine x3  
  96  12:14  Marauder  
  90  12:20  Marine  
  81  12:24  Marine  
  81  12:28  Marine  
  81  12:31  Marine x3  
  81  12:32  Medivac x2  
  81  12:34  Ghost, Starport  
  90  12:38  Marine, Supply Depot  
  90  12:40  Supply Depot  
  90  12:41  Ghost  
  93  12:46  Marine  
  93  12:49  Command Center  
  94  12:54  Marine x2, Factory  
  94  12:55  Marine  
  94  12:56  Marine, Factory  
  94  12:57  Terran Infantry Weapons Level 3, Terran Vehicle Weapons Level 2  
  98  12:59  SCV  
  98  13:02  Viking x2  
  98  13:04  Marauder x2  
  107  13:11  Marauder  
  107  13:12  Marine x3  
  103  13:14  Marine  
  97  13:25  Marauder x2  
  89  13:29  Marine  
  89  13:30  Marine x2  
  89  13:31  Marine  
  89  13:32  Marauder, Viking  
  85  13:42  SCV  
  85  13:43  SCV x2  
  85  13:46  Marauder  
  85  13:47  Marine, Marauder  
  93  13:49  Missile Turret x2  
  93  13:50  Factory Tech Lab x2, Starport Tech Lab  
  93  13:53  Marauder  
  93  13:55  SCV x2  
  97  14:08  Marauder  
  99  14:10  SCV x2  
  99  14:11  SCV  
  102  14:19  Raven  
  102  14:20  Sensor Tower  
  102  14:23  Siege Tank x2  
  110  14:27  SCV  
  110  14:28  SCV x3  
  114  14:38  Terran Infantry Armor Level 3  
  114  14:40  SCV x4  
  114  14:43  Siege Tank  
  121  14:52  SCV x3  
  124  14:53  Raven  
  124  14:58  Refinery  
  126  15:01  Refinery  
  126  15:04  Marine x3  
  126  15:05  Marauder x3  
  135  15:09  SCV  
  135  15:10  SCV x3  
  139  15:17  Terran Vehicle Weapons Level 3  
  139  15:21  SCV  
  139  15:22  SCV x3  
  142  15:37  Marine x2  
  142  15:38  Marine, Marauder  
  142  15:41  Thor  
  142  15:42  Thor x2  
  158  15:53  Orbital Command  
  158  16:12  Marine x2  
  158  16:13  Marine, Marauder x2  
  158  16:14  Marauder  
  167  16:18  Command Center, Refinery  
  167  16:20  Barracks  
  167  16:21  Barracks, Refinery  
  167  16:24  Thor  
  129  16:55  Marine x5  
  129  16:56  Marauder x2  
  129  16:57  Thor x2  
  129  16:58  Viking  
  119  17:11  Medivac  
  119  17:13  Marine x4  
  119  17:14  Marauder  
  127  17:17  Marine x2  
  127  17:20  Barracks Tech Lab  
  127  17:21  Barracks Reactor  
  129  17:28  Medivac  
  131  17:30  Marine  
  131  17:31  Marine x3  
  131  17:34  Ghost x3  
  141  17:41  Medivac, SCV x3  
  147  17:44  SCV  
  147  17:46  Hi-Sec Auto Tracking  
  147  17:53  SCV x2  
  147  17:54  SCV  
  147  17:56  SCV  
  133  18:03  Ghost  
  116  18:05  SCV x2  
  99  18:15  Marine x5  
  99  18:16  Marine x4  
  99  18:17  Viking x2, Hellion  
  97  18:32  Marine  
  97  18:33  Marine  
  76  18:36  Marine x6  
  82  18:45  Siege Tank x3  
  82  18:47  Viking x2  
  40  20:02  Supply Depot  
  40  20:04  Supply Depot  
  40  20:08  Command Center  
  19  20:55  Command Center  
  19  20:57  Command Center  
  19  20:59  Barracks  
  19  21:00  Barracks x2  
Tags
 
Add a new tag
Caveats
  • Supply blocks, unpowered buildings, or Contaminate may cause inaccurate times.
  • Supply counts are checked every 10 seconds.